 Dungeon Crawl Stone Soup version 0.19.0-9-gfd783f2 (webtiles) character file.

155 MDvedh the Slinger (level 5, 0/34 HPs)
             Began as a Halfling Hunter on Nov 6, 2016.
             Killed by nerve-wracking pain
             ... invoked by an orc priest
              (8 damage)
             ... on level 3 of the Dungeon on Nov 7, 2016.
             The game lasted 00:03:30 (2337 turns).

MDvedh the Slinger (Halfling Hunter)                Turns: 2337, Time: 00:03:31

Health: 0/34       AC:  8    Str: 13    XL:     5   Next: 63%
Magic:  5/5        EV:  8    Int:  9    God:
Gold:   97         SH:  0    Dex: 16    Spells: 0 memorised, 4 levels left

rFire  . . .     SeeInvis .     a - +1 hunting sling
rCold  . . .     Gourm    .     o - +0 chain mail
rNeg   . . .     Faith    .     (shield restricted)
rPois  .         Spirit   .     (no helmet)
rElec  .         Reflect  .     (no cloak)
rCorr  .         Harm     .     (no gloves)
MR     .....                    (no boots)
Stlth  ..........               (no amulet)
                                (no ring)
                                (no ring)

@: no status effects
A: mutation resistance 1
a: no special abilities


You were on level 3 of the Dungeon.
You were hungry.

You visited 1 branch of the dungeon, and saw 3 of its levels.

You collected 97 gold pieces.

Inventory:

Hand Weapons
 a - a +1 hunting sling (weapon)
 b - a +0 short sword
Missiles
 k - 21 stones (quivered)
Armour
 c - a +0 leather armour
 o - a +0 chain mail (worn)
Jewellery
 p - a +2 ring of protection {unknown}
Wands
 y - a wand of flame (28/48)
Scrolls
 e - 4 scrolls of magic mapping {unknown}
 g - a scroll of fear {unknown}
 h - a scroll of identify {unknown}
 j - 2 scrolls of teleportation {unknown}
 r - a scroll of remove curse {unknown}
 s - a scroll of enchant armour {unknown}
 t - 2 scrolls of recharging {unknown}
 v - a scroll of immolation {unknown}
 w - a scroll of fog {unknown}
 A - a scroll of amnesia {unknown}
Potions
 i - a potion of agility {unknown}
 l - a potion of cancellation {unknown}
 n - a potion of heal wounds {unknown}
 q - 2 potions of flight {unknown}
 x - a potion of curing {unknown}
Comestibles
 f - a bread ration
 m - 4 fruits
 u - a meat ration


   Skills:
 - Level 1.7 Fighting
 + Level 9.3 Slings
 - Level 2.1 Dodging
 - Level 1.1 Stealth


You had 4 spell levels left.
You didn't know any spells.

Dungeon Overview and Level Annotations

Branches:
Dungeon (3/15)

Altars:
Elyvilon


Innate Abilities, Weirdness & Mutations

You are small and have problems with some larger weapons.
You are somewhat resistant to further mutation.


Message History

You shoot a sling bullet. The sling bullet hits the orc priest.
The orc priest is moderately wounded.
Firing (i - inventory):
k - 24 stones (quivered)
Press: ? - help, Shift-Dir - straight line, f/p - orc priest
Aim: an orc priest, wielding a hand axe and wearing a ring mail (moderately wounded)
You shoot a stone. The stone hits the orc priest.
The orc priest is moderately wounded.
Firing (i - inventory):
k - 23 stones (quivered)
Press: ? - help, Shift-Dir - straight line, f/p - orc priest
Aim: an orc priest, wielding a hand axe and wearing a ring mail (moderately wounded)
You shoot a stone.
The stone closely misses the orc priest.
Firing (i - inventory):
k - 22 stones (quivered)
Press: ? - help, Shift-Dir - straight line, f/p - orc priest
Aim: an orc priest, wielding a hand axe and wearing a ring mail (moderately wounded)
You shoot a stone. The stone hits the orc priest.
The orc priest is severely wounded.
The orc priest invokes the aid of Beogh against you.
Pain shoots through your body!
You die...

........... #.#..#..#
.........#.######.#..#..#
.#.......#.#.......(...(#
.#.......#.#........##.##
......†#.........o..# .#
.......#............##.#
.......#.....(.......#.#
.......##...(#########.#
....)..#.(...(.o@......#
.............#########.#
.#.##........#
....<.......######
.................#
.................#
.................#
........)........#
.........##...####


You could see an orc priest.

Vanquished Creatures
  2 orc wizards (D:3)
  Ijyb (D:3)
  2 adders (D:2)
  A worm (D:2)
  2 dart slugs
  An orc (D:3)
  6 bats
  A giant cockroach (D:2)
  5 goblins
  3 hobgoblins
  8 jackals
  3 kobolds (D:1)
  A quokka (D:3)
  A ball python (D:1)
  3 frilled lizards
  4 rats
44 creatures vanquished.

Vanquished Creatures (others)
  2 giant cockroaches (D:2)
2 creatures vanquished.

Grand Total: 46 creatures vanquished

Notes
Turn   | Place    | Note
-------+----------+-------------------------------------------
     0 | D:1      | MDvedh the Halfling Hunter began the quest for the Orb.
     0 | D:1      | Reached XP level 1. HP: 14/14 MP: 1/1
   307 | D:1      | Reached skill level 6 in Slings
   399 | D:1      | Reached XP level 2. HP: 17/19 MP: 2/2
   485 | D:1      | Upgraded the game from 0.19.0-2-gae57169 to 0.19.0-9-gfd783f2
  1012 | D:2      | Reached skill level 7 in Slings
  1012 | D:2      | Reached XP level 3. HP: 19/24 MP: 3/3
  1630 | D:2      | Found a white marble altar of Elyvilon.
  1717 | D:2      | Reached XP level 4. HP: 29/29 MP: 4/4
  1926 | D:2      | Reached skill level 8 in Slings
  2149 | D:3      | Noticed Ijyb
  2182 | D:3      | Killed Ijyb
  2309 | D:3      | Reached skill level 9 in Slings
  2309 | D:3      | Reached XP level 5. HP: 24/34 MP: 5/5
  2337 | D:3      | Killed from afar by an orc priest

Skill      XL: |  1  2  3  4 |
---------------+-------------+-----
Slings         | 6 7 9 |  9.3
Fighting       | |  1.7
Dodging        | |  2.1
Stealth        | |  1.1

Action                   |  1- 3 |  4- 6 || total
-------------------------+-------+-------++-------
Melee: Short sword       |    84 |    73 ||   157
 Fire: Hunting sling     |    20 |    28 ||    48
 Stab: Sleeping          |     3 |       ||     3
  Eat: Chunk             |     2 |     2 ||     4
Armor: Leather armour    |     9 |       ||     9
       Chain mail        |    40 |    52 ||    92
Dodge: Dodged            |    54 |    31 ||    85
